 Dungeon Crawl Stone Soup version 0.27.1-3-gb3d3a73c9e (webtiles) character file.

Game seed: 3285345712233810122

634 omarspendo the Chopper (level 7, -1/60 HPs)
             Began as a Hill Orc Fighter on Oct 21, 2021.
             Succumbed to a hornet's poison
             ... on level 5 of the Dungeon.
             The game lasted 00:18:39 (4831 turns).

omarspendo the Chopper (Hill Orc Fighter)           Turns: 4831, Time: 00:18:40

Health: -1/60      AC: 14    Str: 20    XL:     7   Next: 49%
Magic:  7/7        EV:  4    Int:  8    God:
Gold:   163        SH:  9    Dex: 11    Spells: 6/6 levels left

rFire    . . .     SeeInvis .   p - +4 flail (vorpal)
rCold    . . .     Faith    .   c - +0 kite shield
rNeg     . . .     Spirit   .   k - +0 plate armour
rPois    .         Reflect  .   n - +1 hat
rElec    .         Harm     .   (no cloak)
rCorr    .         Rampage  .   g - +0 pair of gloves
Will     .....                  (no boots)
Stlth    ..........             (no amulet)
HPRegen  0.20/turn              (no ring)
MPRegen  0.10/turn              (no ring)

@: lethally poisoned (-1 -> -8), slowed, very slow
A: no striking features
a: no special abilities


You were on level 5 of the Dungeon.
You visited 1 branch of the dungeon, and saw 5 of its levels.

You collected 163 gold pieces.

Inventory:

Hand Weapons
 a - a +0 war axe
 l - a +4 quarterstaff of chaos
 m - a +2 mace of protection
 p - a +4 vorpal flail (weapon)
 r - a +0 hand crossbow
Missiles
 e - 163 stones (quivered)
 h - 37 arrows
Armour
 b - a +0 scale mail
 c - a +0 kite shield (worn)
 g - a +0 pair of gloves (worn)
 k - a +0 plate armour (worn)
 n - a +1 hat (worn)
Wands
 q - a wand of iceblast (7)
 u - a wand of mindburst (9)
Scrolls
 i - a scroll of identify
 s - a scroll of noise
 v - a scroll of teleportation
 y - a scroll of fog {unknown}
 A - a scroll of enchant weapon {unknown}
Potions
 d - a potion of curing
 f - a potion of experience {unknown}
 j - a potion of haste {unknown}
 o - a potion of brilliance {unknown}
 t - a potion of degeneration {unknown}
 w - a potion of attraction {unknown}
 x - a potion of lignification {unknown}
 z - a potion of cancellation {unknown}


   Skills:
 + Level 4.7 Fighting
 + Level 5.2(5.9) Axes
 + Level 3.4(4.5) Maces & Flails
 + Level 0.5(1.8) Staves
 + Level 5.0 Armour
 + Level 2.0 Dodging
 + Level 0.3 Stealth
 + Level 4.7 Shields


You had 6 spell levels left.
You didn't know any spells.
Your spell library contained the following spells:

 Spells                   Type           Power      Damage    Failure   Level
 Beastly Appendage        Tmut           0%         N/A       100%        1
 Sting                    Tmut/Pois      0%         1d3       100%        1
 Blink                    Tloc           N/A        N/A       100%        2
 Wereblood                Tmut           0%         N/A       100%        2
 Ignite Poison            Fire/Tmut/Pois 0%         N/A       100%        3
 Inner Flame              Hex/Fire       0%         N/A       100%        3
 Lesser Beckoning         Tloc           0%         N/A       100%        3
 Spider Form              Tmut/Pois      0%         N/A       100%        3
 Cause Fear               Hex            0%         N/A       100%        4
 Ice Form                 Ice/Tmut       0%         N/A       100%        4
 Summon Ice Beast         Ice/Summ       0%         N/A       100%        4
 Manifold Assault         Tloc           0%         N/A       100%        5
 Discord                  Hex            0%         N/A       100%        8


Dungeon Overview and Level Annotations

Branches:
Dungeon (5/15)
 Temple: D:4-7

Altars:

Annotations:
D:4 Robin


Message History

The hornet stings you!
You shrug off the repeated paralysis!
* * * LOW HITPOINT WARNING * * *
You feel very sick. The hornet stings you.
* * * LOW HITPOINT WARNING * * *
You feel as though you will be slow longer.
You can move again.
You feel better.
The hornet stings you but does no damage.
The hornet stings you.
* * * LOW HITPOINT WARNING * * *
You feel as though you will be slow longer.
You block the hornet's attack.
The hornet stings you but does no damage.
You block the hornet's attack. The hornet barely misses you.
The hornet barely misses you. The hornet stings you.
* * * LOW HITPOINT WARNING * * *
You feel as though you will be slow longer.
The hornet stings you but does no damage.
The hornet stings you.
* * * LOW HITPOINT WARNING * * *
You feel as though you will be slow longer.
You block the hornet's attack.
The hornet stings you but does no damage.
The hornet stings you.
* * * LOW HITPOINT WARNING * * *
You are lethally poisoned!
You suddenly lose the ability to move!
* * * LOW HITPOINT WARNING * * *
You feel very sick.
The hornet stings you but does no damage. x2
* * * LOW HITPOINT WARNING * * *
You feel sick. The hornet stings you.
* * * LOW HITPOINT WARNING * * *
You feel as though you will be slow longer.
You can move again.
You closely miss the hornet.
The hornet is moderately wounded.
You die...

#.##### #.....#
#######.###.#
#.........#.#
#.#####.#.#.# #.#
#.#.#.####### #.#
#...#........
#.#################
#.@........ ..[.
###y.######### #.##
#..........
##.####..###.#
#.####......#
#............
#######.##### #


You could see a hornet.

Vanquished Creatures
  A black bear (D:4)
  A necrophage (D:4)
  An ogre (D:4)
  A water moccasin skeleton (D:4)
  A centaur zombie (D:5)
  2 hounds (D:4)
  Crazy Yiuf (D:2)
  Jessica (D:2)
  Terence (D:3)
  An iguana (D:4)
  5 adders
  3 worms
  2 dart slugs
  An orc (D:4)
  8 ball pythons
  5 endoplasms
  5 giant cockroaches
  4 goblins
  11 hobgoblins
  4 kobolds
  6 bats
  A quokka skeleton (D:4)
  5 rats
71 creatures vanquished.

Notes
Turn   | Place    | Note
-------+----------+-------------------------------------------
     0 | D:1      | omarspendo the Hill Orc Fighter began the quest for the
                  | Orb.
     0 | D:1      | Reached XP level 1. HP: 19/19 MP: 1/1
    29 | D:1      | Found a faded altar of an unknown god.
   137 | D:1      | Reached XP level 2. HP: 22/27 MP: 2/2
   341 | D:1      | Got the Disquisition on Frigorific Toxins
   549 | D:1      | Reached XP level 3. HP: 29/33 MP: 3/3
  1152 | D:2      | Noticed Jessica
  1161 | D:2      | Killed Jessica
  1162 | D:2      | Reached XP level 4. HP: 28/40 MP: 4/4
  1433 | D:2      | Reached skill level 1 in Dodging
  1748 | D:2      | Found a runed translucent door.
  1749 | D:2      | Noticed Crazy Yiuf
  2182 | D:2      | Killed Crazy Yiuf
  2464 | D:3      | Reached XP level 5. HP: 46/46 MP: 5/5
  2536 | D:3      | Noticed Terence
  2546 | D:3      | Killed Terence
  3446 | D:4      | Reached skill level 1 in Maces & Flails
  3446 | D:4      | Reached XP level 6. HP: 52/53 MP: 6/6
  3466 | D:4      | Reached skill level 5 in Axes
  3786 | D:4      | Noticed a black bear
  3801 | D:4      | Killed a black bear
  4047 | D:4      | Noticed a necrophage
  4056 | D:4      | Killed a necrophage
  4057 | D:4      | Reached XP level 7. HP: 60/60 MP: 7/7
  4396 | D:4      | Reached skill level 5 in Armour
  4716 | D:4      | Noticed Robin
  4731 | D:5      | Entered Level 5 of the Dungeon
  4814 | D:5      | Noticed a hornet
  4818 | D:5      | Paralysed by a hornet for 3 turns
  4828 | D:5      | Paralysed by a hornet for 3 turns
  4830 | D:5      | HP: 2/60 [poisoned by a hornet]
  4831 | D:5      | Succumbed to a hornet's poison

Illustrated notes

Levels and vault maps discovered:
D:1:      scummos_arrival_hexagon, layout_loops_cross,
          hellmonk_ecumenical_altar_crossroads, chequers_hall_statues_corner_a
D:2:      layout_basic, uniq_jessica, uniq_crazy_yiuf_cottage
D:3:      layout_basic, uniq_terence
D:4:      layout_gridville, uniq_robin
D:5:      layout_basic, nicolae_overflow_crystal_walls, nicolae_stop_n_shop_1

Skill      XL: |  1  2  3  4  5  6  7 |
---------------+----------------------+-----
Axes           | 3 4 5 |  5.2
Fighting       | 4 |  4.7
Dodging        | 1 2 |  2.0
Armour         | 4 5 |  5.0
Shields        | 4 |  4.7
Maces & Flails | 1 2 3 |  3.4
Staves         | |  0.5
Stealth        | |  0.3

Action                   |  1- 3 |  4- 6 |  7- 9 || total
-------------------------+-------+-------+-------++-------
Melee: War axe           |    92 |    23 |       ||   115
       Quarterstaff      |       |    17 |       ||    17
       Flail             |       |    61 |    34 ||    95
  Use: Potion            |     1 |       |     1 ||     2
       Scroll            |       |     2 |     1 ||     3
Armor: Scale mail        |    50 |     8 |       ||    58
       Plate armour      |       |    76 |    27 ||   103
Dodge: Dodged            |    34 |    28 |     9 ||    71
Block: Kite shield       |    62 |    61 |    35 ||   158
